 Dungeon Sprint DCSS version 0.21.0-24-g2553a33 (webtiles) character file.

1251 letownia2 the Grappler (level 8, -3/74 HPs)
             Began as a Troll Wizard on Jan 20, 2018.
             Was an Initiate of Gozag.
             Slain by Snorg (12 damage)
             ... in the Dungeon (Sprint III: "The Ten Rune Challenge").
             The game lasted 00:03:59 (634 turns).

letownia2 the Grappler (Troll Wizard)                Turns: 634, Time: 00:04:00

Health: -3/74      AC:  6    Str: 16    XL:     8   Next: 26%
Magic:  5/13       EV:  9    Int: 16    God:    Gozag
Gold:   373        SH:  0    Dex:  8    Spells: 2/15 levels left

rFire    . . .     SeeInvis .     - Unarmed
rCold    . . .     Gourm    +   (no shield)
rNeg     . . .     Faith    .   a - +0 robe
rPois    .         Spirit   .   b - +0 hat
rElec    .         Reflect  .   p - +0 cloak
rCorr    .         Harm     .   (gloves unavailable)
MR       .....     NoTele   +   (boots unavailable)
Stlth    +.........             (no amulet)
HPRegen  0.62/turn              (no ring)
MPRegen  0.13/turn              (no ring)

@: no status effects
A: large, unfitting armour, claws 3, fast metabolism 3, gourmand, regeneration
1, shaggy fur 1, tough skin 2
a: Potion Petition, Call Merchant, Bribe Branch, Renounce Religion


You were in the Dungeon.
You worshipped Gozag.
Gozag was aware of your devotion.
You were not hungry.

You visited 1 branch You collected 373 gold pieces.

Inventory:

Hand Weapons
 o - a +3 quarterstaff of chaos
Armour
 a - a +0 robe (worn)
 b - a +0 hat (worn)
 p - a +0 cloak (worn)
Wands
 m - a wand of flame (51)
Scrolls
 j - a scroll of blinking
 l - a scroll of immolation {unknown}
 n - a scroll of torment {unknown}
 q - 2 scrolls of identify {unknown}
 r - 4 scrolls of remove curse
 t - a scroll of holy word {unknown}
Potions
 e - 2 potions of curing
 f - 2 potions of heal wounds
 g - a potion of haste
 h - 2 potions of magic
 k - a potion of lignification {unknown}
 s - 2 potions of flight {unknown}
 u - 4 potions of mutation
Books
 c - a book of Minor Magic

   Spells                             Type                      Level
   a - Magic Dart                     Conjuration                  1
   b - Blink                          Translocation                2
   c - Call Imp                       Summoning                    2
   d - Slow                           Hexes                        2
   e - Conjure Flame                  Conjuration/Fire             3
   f - Mephitic Cloud                 Conjuration/Poison/Air       3
 v - a book of Cantrips

   Spells                             Type                      Level
   a - Confusing Touch                Hexes                        1
   b - Animate Skeleton               Necromancy                   1
   c - Summon Small Mammal            Summoning                    1
   d - Apportation                    Translocation                1
 w - a book of Misfortune

   Spells                             Type                      Level
   a - Confusing Touch                Hexes                        1
   b - Confuse                        Hexes                        3
   c - Gell's Gravitas                Translocation                3
   d - Petrify                        Transmutation/Earth          4
   e - Metabolic Englaciation         Hexes/Ice                    5
   f - Yara's Violent Unravelling     Hexes/Transmutation          5
Miscellaneous
 i - a box of beasts
Comestibles
 d - 4 rations


   Skills:
 - Level 2.5 Fighting
 - Level 1.5 Dodging
 - Level 1.0 Stealth
 * Level 12.4 Unarmed Combat
 - Level 4.3 Spellcasting
 - Level 4.2 Conjurations
 - Level 0.6 Summonings
 - Level 2.5 Translocations
 - Level 3.4 Fire Magic
 - Level 3.5 Air Magic
 - Level 3.8 Poison Magic


You had 2 spell levels left.
You knew the following spells:

 Your Spells              Type           Power        Failure   Level  Hunger
a - Magic Dart            Conj           ###.         2%          1    None
b - Blink                 Tloc           N/A          9%          2    ##.....
c - Conjure Flame         Conj/Fire      ###.....     10%         3    ###....
d - Confusing Touch       Hex            #.....       16%         1    None
e - Mephitic Cloud        Conj/Pois/Air  ###.....     10%         3    ###....
f - Apportation           Tloc           ##....       6%          1    None
i - Call Imp              Summ           #.......     19%         2    ##.....


Dungeon Overview and Level Annotations

Branches:
Dungeon (1/1)

Altars:
Cheibriados
Dithmenos
Elyvilon
Fedhas
Gozag
Hepliaklqana
Kikubaaqudgha
Makhleb
Nemelex Xobeh
Okawaru
Qazlal
Ru
Sif Muna
Trog
Uskayaw
Vehumet
Wu Jian
Xom
Yredelemnul
Zin
The Shining One
Beogh
Jiyva
Lugonu

Annotations:
D Snorg


Innate Abilities, Weirdness & Mutations

You are too large for most types of armour.
You have claws for hands.
Your metabolism is lightning-fast.
You like to eat raw meat.
Your natural rate of healing is unusually fast.
You are covered in fur. (AC +1)
You have very tough skin. (AC +2)


Message History

Snorg is lightly wounded.
Snorg bites you. Snorg barely misses you. Snorg claws you!
You claw Snorg!
Snorg is lightly wounded.
You mangle Snorg!!
Snorg is moderately wounded.
Snorg bites you. Snorg barely misses you. Snorg claws you!
You scratch Snorg.
Snorg is moderately wounded.
Snorg bites you! Snorg claws you. Snorg claws you!
You are too injured to fight recklessly!
You scratch Snorg.
Snorg is moderately wounded.
Snorg bites you!
* * * LOW HITPOINT WARNING * * *
Snorg claws you!
* * * LOW HITPOINT WARNING * * *
Snorg claws you!
You die...
Your body crumbles into a pile of gold.

♣ ♣..#...#__.#._# $
♣♣♣♣.###)#'###)##$$ $
..♣..#.....)....#$$ $
♣♣♣♣.'.⌠........# $
≈≈♣..#...######'#$ $ $$
$
≈....#.⌠.#__#...#+#####
.....#...#__#...#§.≈≈§+
.....#'###__#...#T#§≈§#
.....#)..#__#...@.#.§§#
.....#___#__'...#.#T§§#
▓▓▓▓▓▓▓▓▓▓▓▓▓▓▓▓▓▓▓▓▓▓▓
$


You could see Snorg (confused).

Vanquished Creatures
  A deep elf mage (D)
  A shadow (D)
  A spatial vortex (D)
  A necrophage (D)
  A water elemental (D)
  A jelly (D)
  Crazy Yiuf (D)
  A wizard (D)
  Jessica (D)
  A necromancer (D)
  3 humans (D)
  A kobold demonologist (D)
  3 rats (D)
17 creatures vanquished.

Vanquished Creatures (others)
  2 draconian scorchers (D)
  6 hellions (D)
  A yaktaur (D)
  2 plants (D)
11 creatures vanquished.

Grand Total: 28 creatures vanquished

Notes
Turn   | Place    | Note
-------+----------+-------------------------------------------
     0 | D        | letownia2 the Troll Wizard began the quest for the Orb.
     0 | D        | Reached XP level 1. HP: 16/16 MP: 2/2
     4 | D        | Reached skill level 1 in Unarmed Combat
    11 | D        | Noticed Jessica
    15 | D        | Killed Jessica
    15 | D        | Reached skill level 4 in Unarmed Combat
    15 | D        | Reached XP level 2. HP: 14/29 MP: 4/4
    16 | D        | Killed a yaktaur
    83 | D        | Reached skill level 5 in Unarmed Combat
    83 | D        | Reached skill level 1 in Conjurations
    83 | D        | Reached XP level 3. HP: 22/36 MP: 5/5
    88 | D        | Learned a level 3 spell: Mephitic Cloud
    94 | D        | Noticed Crazy Yiuf
   104 | D        | Killed a hellion
   104 | D        | Killed a hellion
   105 | D        | Killed a hellion
   105 | D        | Killed a hellion
   116 | D        | Killed Crazy Yiuf
   116 | D        | Reached skill level 1 in Air Magic
   116 | D        | Reached skill level 1 in Poison Magic
   116 | D        | Reached XP level 4. HP: 30/44 MP: 2/6
   128 | D        | Learned a level 3 spell: Conjure Flame
   151 | D        | Noticed a water elemental
   178 | D        | Killed a water elemental
   178 | D        | Reached skill level 6 in Unarmed Combat
   178 | D        | Reached skill level 1 in Fire Magic
   200 | D        | Killed a white draconian scorcher
   203 | D        | Killed a white draconian scorcher
   208 | D        | Killed a hellion
   211 | D        | Killed a hellion
   264 | D        | Found a glowing silver altar of Zin.
   264 | D        | Found a glowing golden altar of the Shining One.
   264 | D        | Found a white marble altar of Elyvilon.
   265 | D        | Noticed a deep elf mage
   276 | D        | Killed a deep elf mage
   276 | D        | Reached skill level 8 in Unarmed Combat
   276 | D        | Reached XP level 5. HP: 50/50 MP: 0/9
   276 | D        | Reached XP level 6. HP: 59/59 MP: 0/10
   276 | D        | Reached XP level 7. HP: 66/66 MP: 0/11
   324 | D        | Noticed a shadow
   331 | D        | Killed a shadow
   331 | D        | Reached skill level 10 in Unarmed Combat
   343 | D        | Learned a level 2 spell: Blink
   411 | D        | Found a blossoming altar of Fedhas.
   411 | D        | Found a stormy altar of Qazlal.
   411 | D        | Found a snail-covered altar of Cheibriados.
   411 | D        | Found a burning altar of Makhleb.
   411 | D        | Found a shimmering altar of Xom.
   412 | D        | Noticed a spatial vortex
   412 | D        | Found a hazy altar of Hepliaklqana.
   412 | D        | Found an opulent altar of Gozag.
   412 | D        | Found a sparkling altar of Nemelex Xobeh.
   412 | D        | Found a corrupted altar of Lugonu.
   412 | D        | Found a viscous altar of Jiyva.
   420 | D        | Killed a spatial vortex
   420 | D        | Reached skill level 1 in Translocations
   421 | D        | Became a worshipper of Gozag Ym Sagoz the Greedy
   479 | D        | Found a hide-covered altar of Uskayaw.
   479 | D        | Found an iron altar of Okawaru.
   479 | D        | Noticed a human
   482 | D        | Noticed a human
   491 | D        | Killed a human
   491 | D        | Reached skill level 11 in Unarmed Combat
   493 | D        | Killed a human
   493 | D        | Reached XP level 8. HP: 56/74 MP: 9/13
   496 | D        | Found a roughly hewn altar of Beogh.
   496 | D        | Found a bloodstained altar of Trog.
   496 | D        | Found an ornate altar of the Wu Jian Council.
   506 | D        | Found a basalt altar of Yredelemnul.
   506 | D        | Found a shadowy altar of Dithmenos.
   506 | D        | Found a sacrificial altar of Ru.
   509 | D        | Reached skill level 12 in Unarmed Combat
   547 | D        | Found a radiant altar of Vehumet.
   575 | D        | Found a deep blue altar of Sif Muna.
   575 | D        | Found an ancient bone altar of Kikubaaqudgha.
   589 | D        | Learned a level 1 spell: Confusing Touch
   591 | D        | Learned a level 1 spell: Apportation
   594 | D        | Learned a level 2 spell: Call Imp
   613 | D        | Noticed Snorg
   634 | D        | Slain by Snorg

Skill      XL: |  1  2  3  4  5  6  7  8 |
---------------+-------------------------+-----
Unarmed Combat | 4 5 8 11 12 | 12.4
Fighting       | 2 |  2.5
Conjurations   | 1 2 4 |  4.2
Air Magic      | 1 3 |  3.5
Poison Magic   | 1 3 |  3.8
Fire Magic     | 3 |  3.4
Spellcasting   | 3 4 |  4.3
Translocations | 2 |  2.5
Dodging        | |  1.5
Stealth        | |  1.0
Summonings     | |  0.6

Action                   |  1- 3 |  4- 6 |  7- 9 || total
-------------------------+-------+-------+-------++-------
Melee: Unarmed           |    21 |    10 |    40 ||    71
       Punch             |       |       |     2 ||     2
 Cast: Mephitic Cloud    |     1 |     1 |     7 ||     9
       Conjure Flame     |       |     1 |       ||     1
  Use: Potion            |       |     1 |       ||     1
  Eat: Chunk             |     1 |     2 |       ||     3
       Ration            |       |       |     1 ||     1
Armor: Robe              |     3 |     1 |     3 ||     7
Dodge: Dodged            |     7 |     3 |     6 ||    16
